 Dungeon Crawl Stone Soup version 0.30.0-5-g1a98f26d00 (webtiles) character file.

Game seed: 1260477228979774508

22 growler the Insei (level 2, 0/21 HPs)
             Began as a Merfolk Transmuter on May 7, 2023.
             Slain by a worm (7 damage)
             ... on level 2 of the Dungeon on May 8, 2023.
             The game lasted 00:04:01 (656 turns).

growler the Insei (Merfolk Transmuter)               Turns: 656, Time: 00:04:02

Health: 0/21       AC:  2    Str: 10    XL:     2   Next: 91%
Magic:  5/5        EV: 12    Int: 12    God:
Gold:   22         SH:  0    Dex: 14    Spells: 2/5 levels left

rFire   . .          .
                       - Unarmed
rCold   . . .        (no shield)
rNeg    . . .        a - +0 robe
rPois   .            (no helmet)
rElec   .            c - scarf {shadows}
rCorr   .            (no gloves)
SInv    .            (no boots)
Will    .....        (no amulet)
Stlth   +            (no ring)
HPRegen 0.23/turn    (no ring)
MPRegen 0.09/turn

%: no passive effects
@: no status effects
A: (nimble swimmer 2), mertail
a: no special abilities


You were on level 2 of the Dungeon.
You visited 1 branch of the dungeon, and saw 2 of its levels.

You collected 22 gold pieces.

Inventory:

Armour
 a - a +0 robe (worn)
 c - a scarf of shadows (worn)
Scrolls
 d - a scroll of identify {unknown}
 e - 3 scrolls of butterflies {unknown}
 f - a scroll of fog {unknown}
 g - a scroll of noise {unknown}
Potions
 b - a potion of lignification


   Skills:
 - Level 1.1 Fighting
 - Level 2.6 Dodging
 + Level 3.7 Unarmed Combat
 + Level 2.4 Spellcasting
 + Level 3.2 Transmutations


You had 2 spell levels left.
You knew the following spells:

 Your Spells              Type           Power      Damage    Failure   Level
a - Beastly Appendage     Tmut           18%        N/A       7%          1
b - Wereblood             Tmut           9%         N/A       11%         2

Your spell library contained the following spells:

 Spells                   Type           Power      Damage    Failure   Level
 Spider Form              Tmut/Pois      5%         N/A       38%         3
 Ice Form                 Ice/Tmut       5%         N/A       80%         4


Dungeon Overview and Level Annotations

Branches:
Dungeon (2/15)

Altars:


Innate Abilities, Weirdness & Mutations

((You are very nimble when in or above water. (Stealth+, EV+, Speed+++)))
Your lower body shifts to a powerful aquatic tail in water.


Message History

You are very lightly contaminated with residual magic.
Nothing appears to happen.
You hit the worm but do no damage. You hit the worm.
The worm is moderately wounded.
The worm bites you.
You barely miss the worm.
The worm is moderately wounded.
The worm barely misses you.
You hit the worm.
The worm is heavily wounded.
You barely miss the worm.
The worm is heavily wounded.
The worm bites you but does no damage.
You hit the worm.
The worm is heavily wounded.
You hit the worm.
The worm is almost dead.
The worm bites you.
Your magical contamination has completely faded away.
You hit the worm.
The worm is almost dead.
You hit the worm.
The worm is almost dead.
The worm bites you.
You hit the worm.
The worm is almost dead.
You hit the worm but do no damage.
The worm is almost dead.
The worm bites you!
* * * LOW HITPOINT WARNING * * *
You barely miss the worm.
The worm is almost dead.
You hit the worm but do no damage.
The worm is almost dead.
The worm barely misses you.
You hit the worm.
The worm is almost dead.
The worm bites you!
You die...

## .. #.# ##. #.#
.. .r #.# #.# #.
##.# #.#
#.########## ...#
#.# #..w.......#
#..####.#
#.##@#####.#
#..†..#.#
#.##.#####..
...###).###
#..........# ...#
#....###.##.####...
#..# #...........#
#.#...###.####.###
#.##.# #.# #[#
#.##.# #.# #.# ..##
# #.. #.#


You could see a worm.

Vanquished Creatures
  2 ball pythons
  3 endoplasms
  A goblin (D:1)
  3 hobgoblins
  2 jackals (D:1)
  4 kobolds
  2 bats
  A rat (D:1)
18 creatures vanquished.

Notes
Turn   | Place    | Note
-------+----------+-------------------------------------------
     0 | D:1      | growler the Merfolk Transmuter began the quest for the Orb.
     0 | D:1      | Reached XP level 1. HP: 15/15 MP: 3/3
   180 | D:1      | Reached XP level 2. HP: 4/21 MP: 3/5
   255 | D:1      | Learned a level 2 spell: Wereblood
   570 | D:1      | Upgraded the game from 0.30.0-3-ga4e48a9924 to
                  | 0.30.0-5-g1a98f26d00
   656 | D:2      | Slain by a worm

Illustrated notes

Levels and vault maps discovered:
D:1:      minmay_arrival_plants_in_alcoves, layout_basic
D:2:      layout_loops_ring, uniq_crazy_yiuf_cottage

Skill      XL: |  1  2 |
---------------+-------+-----
Transmutations | 3 |  3.2
Fighting       | |  1.1
Dodging        | |  2.6
Unarmed Combat | |  3.7
Spellcasting   | |  2.4

Action                     || total
---------------------------++-------
  Melee: Unarmed           ||    78
         Headbutt          ||     2
         Punch             ||     2
   Cast: Beastly Appendage ||     2
 Armour: Robe              ||    15
  Dodge: Dodged            ||    45
